 Dungeon Crawl Stone Soup version 0.24.0-13-gcf9b319 (webtiles) character file.

Game seed: 3610534281733386568, levelgen mode: deterministic

8236 benadryl the Fighter (level 11, -5/69 HPs)
             Began as a Gargoyle Fighter on Jan 16, 2020.
             Was a High Priest of Cheibriados.
             Slain by a +1 scythe of chaos (14 damage)
             ... on level 2 of the Lair of Beasts.
             The game lasted 00:22:04 (10419 turns).

benadryl the Fighter (Gargoyle Fighter)            Turns: 10419, Time: 00:22:04

Health: -5/69      AC: 18    Str: 40    XL:     11   Next: 27%
Magic:  20/20      EV:  9    Int: 24    God:    Cheibriados [*****.]
Gold:   680        SH: 15    Dex: 23    Spells: 19/23 levels left

rFire    . . .     SeeInvis .   i - +2 falchion (freeze) (curse)
rCold    + . .     Gourm    .   c - +1 shield
rNeg     + . .     Faith    .   C - +2 ring mail {rPois}
rPois    ∞         Spirit   .   y - +0 helmet
rElec    +         Reflect  .   (no cloak)
rCorr    .         Harm     .   p - +0 pair of gloves of Inquiry {*Contam Str+4} (curse)
MR       .....                  (no boots)
Stlth    +.........             t - amulet of regeneration
HPRegen  0.61/turn              q - ring of protection from cold
MPRegen  0.17/turn              (no ring)

@: very slow
A: negative energy resistance 1, electricity resistance, unbreathing,
petrification resistance, rot immunity, AC +8
a: Bend Time, Temporal Distortion, Slouch, Step From Time, Renounce Religion


You were on level 2 of the Lair of Beasts.
You worshipped Cheibriados.
Cheibriados was extremely pleased with you.
You were not hungry.

You visited 2 branches of the dungeon, and saw 12 of its levels.

You collected 680 gold pieces.

Inventory:

Hand Weapons
 i - a cursed +2 falchion of freezing (weapon)
Missiles
 k - 276 stones (quivered)
Armour
 c - a +1 shield (worn)
 p - the cursed +0 pair of gloves of Inquiry (worn) {*Contam Str+4}
   (You found it on level 5 of the Dungeon)

   It affects your strength (+4).
   It causes magical contamination when unequipped.
   It has a curse placed upon it.
 y - a +0 helmet (worn)
 C - a +2 ring mail of poison resistance (worn)
 G - a +1 leather armour of fire resistance
Jewellery
 q - a ring of protection from cold (left hand)
 t - an amulet of regeneration (around neck)
 F - an uncursed amulet of guardian spirit
Wands
 a - a wand of paralysis (8)
 b - a wand of polymorph (18)
 j - a wand of acid (16)
 v - a wand of enslavement (14)
 E - a wand of iceblast (7)
Scrolls
 e - 3 scrolls of identify {@r1}
 l - a scroll of fear
 r - a scroll of enchant armour
 s - 10 scrolls of remove curse {@r2}
 u - a scroll of enchant weapon
 x - a scroll of amnesia
 z - a scroll of teleportation
 H - 2 scrolls of random uselessness {unknown}
 J - a scroll of immolation
Potions
 d - 4 potions of might
 g - 9 potions of curing {@q1}
 h - a potion of mutation
 m - a potion of resistance
 n - 2 potions of flight
 o - 2 potions of heal wounds
 w - a potion of brilliance {unknown}
 A - 4 potions of lignification {unknown}
 B - a potion of degeneration {unknown}
 D - 2 potions of haste {unknown}
 I - a potion of berserk rage {unknown}
Comestibles
 f - 22 rations


   Skills:
 - Level 8.6 Fighting
 + Level 7.1 Long Blades
 * Level 6.3 Armour
 - Level 6.5 Shields
 - Level 6.5 Spellcasting
 - Level 6.1 Summonings
 - Level 5.0 Air Magic


You had 19 spell levels left.
You knew the following spells:

 Your Spells              Type           Power        Failure   Level  Hunger
a - Summon Lightning Spi  Summ/Air       ####....     28%         4    ###....

Your spell library contained the following spells:

 Spells                   Type           Power        Failure   Level  Hunger
 Summon Small Mammal      Summ           ####         2%          1    None
 Call Imp                 Summ           #####...     3%          2    None
 Call Canine Familiar     Summ           #####...     7%          3    None
 Summon Guardian Golem    Hex/Summ       ###.....     24%         3    None
 Animate Skeleton         Necr           N/A          28%         1    None
 Apportation              Tloc           #.....       28%         1    None
 Confusing Touch          Hex            #.....       28%         1    None
 Magic Dart               Conj           #...         28%         1    None
 Summon Ice Beast         Ice/Summ       ###.....     63%         4    ###....
 Lightning Bolt           Conj/Air       ###.......   95%         5    #####..
 Orb of Destruction       Conj           #.........   100%        7    #######
 Spellforged Servitor     Conj/Summ      ###.......   100%        7    #######


Dungeon Overview and Level Annotations

Branches:
Dungeon (10/15)            Temple (0/1) D:7            Lair (2/6) D:8
  Swamp: Lair:2-4    Shoals: Lair:2-4     Snake: Lair:2-4    Spider: Lair:2-4
    Orc: D:9-12

Altars:
Ashenzari
Cheibriados
Dithmenos
Elyvilon
Hepliaklqana
Kikubaaqudgha
Nemelex Xobeh
Okawaru
Qazlal
Sif Muna
Wu Jian
Xom
The Shining One

Annotations:
D:6 5 runed translucent doors
Lair:2 wahemi82's ghost, journeyman MiFi


Innate Abilities, Weirdness & Mutations

You are resistant to torment.
Your stone body is resilient. (AC +8)
You are immune to poison.
You resist negative energy. (rN+)
You are resistant to electric shocks. (rElec)
You can survive without breathing.
You are immune to petrification.
You are immune to rotting.


Message History

You block the +1 scythe of chaos's attack.
You hit the +1 scythe of chaos but do no damage.
You block the +1 scythe of chaos's attack.
You closely miss the +1 scythe of chaos.
You hit the +1 scythe of chaos but do no damage.
The +1 scythe of chaos hits you!! The +1 scythe of chaos freezes you.
Your shield prevents you from hitting the +1 scythe of chaos.
The +1 scythe of chaos hits you.
You hit the +1 scythe of chaos.
The +1 scythe of chaos is lightly damaged.
The +1 scythe of chaos hits you!!
You suddenly lose the ability to move!
The +1 scythe of chaos hits you but does no damage.
Cheibriados protects you from inadvertent hurry.
The +1 scythe of chaos hits you!
* * * LOW HITPOINT WARNING * * *
The +1 scythe of chaos burns you!
* * * LOW HITPOINT WARNING * * *
You can move again.
The +1 scythe of chaos hits you from afar!
You die...

#####.+.## #.#<......#
##..# ######....## #..###
#.....# ##...# #....##
#..## #######.## ###.'P##
##........##
#......####..........#
##.......#....(......##
####P......###.@#.......#
##P###...<..P#P.##.?.....#
....##......###.#####...(##
##...+......P#...##?#.....#
#.(#.......'..###.(W....##
##..#.......### ##$#.####
####......## ###.# #......#
#..# ####..#.## #..#


You could see a +1 scythe of chaos.

Vanquished Creatures
  3 spiny frogs
  A komodo dragon (Lair:2)
  3 hippogriffs
  Eustachio (D:5)
  2 yaks
  A steam dragon (D:9)
  Menkaure (D:4)
  Edmund (D:4)
  2 insubstantial wisps (D:9)
  4 water moccasins
  A hornet zombie (D:7)
  An orc warrior (D:8)
  4 porcupines
  A black bear (D:8)
  5 ice beasts
  A phantom (D:9)
  5 sky beasts
  5 ogres
  3 crocodiles
  8 bullfrogs
  A gnoll sergeant (D:7)
  6 scorpions
  5 wights (D:7)
  4 electric eels
  3 vampire bats (D:5)
  A howler monkey (D:5)
  2 centaur zombies (D:6)
  2 crimson imps
  A quasit (D:9)
  2 bullfrog zombies (D:6)
  8 orc wizards
  2 bullfrog skeletons
  3 orc priests
  4 hounds
  2 iguanas
  7 worker ants
  2 hound zombies (D:6)
  A hound skeleton (D:6)
  A howler monkey zombie (D:6)
  2 worker ant zombies
  5 gnolls
  4 adders
  A river rat (D:3)
  2 shadow imps
  3 adder skeletons
  3 adder zombies
  A worm (D:3)
  A dart slug (D:2)
  9 leopard geckos
  27 orcs
  5 bats
  3 bat skeletons (D:5)
  2 bat zombies (D:5)
  10 giant cockroaches
  6 goblins
  3 hobgoblins (D:2)
  4 jackals (D:3)
  3 quokkas
  A ball python (D:2)
  8 frilled lizards
  A giant cockroach zombie (D:6)
  A jackal zombie (D:6)
  10 kobolds
  A leopard gecko skeleton (D:4)
  A quokka skeleton (D:6)
  A quokka zombie (D:6)
  11 rats
  A fungus (Lair:2)
240 creatures vanquished.

Vanquished Creatures (collateral kills)
  2 yaks (Lair:1)
2 creatures vanquished.

Vanquished Creatures (others)
  A fungus (Lair:2)
  A plant (Lair:1)
2 creatures vanquished.

Grand Total: 244 creatures vanquished

Notes
Turn   | Place    | Note
-------+----------+-------------------------------------------
     0 | D:1      | benadryl the Gargoyle Fighter began the quest for the Orb.
     0 | D:1      | Reached XP level 1. HP: 14/14 MP: 1/1
   206 | D:1      | Reached XP level 2. HP: 18/19 MP: 2/2
   345 | D:1      | Reached skill level 4 in Fighting
   345 | D:1      | Reached XP level 3. HP: 13/24 MP: 3/3
   597 | D:1      | Found a snail-covered altar of Cheibriados.
   786 | D:1      | Became a worshipper of Cheibriados the Contemplative
  1171 | D:2      | Reached * piety under Cheibriados
  1394 | D:2      | Found a shattered altar of Ashenzari.
  1395 | D:2      | Found an ornate altar of the Wu Jian Council.
  1396 | D:2      | Found a glowing golden altar of the Shining One.
  1403 | D:2      | Reached XP level 4. HP: 28/30 MP: 4/4
  1721 | D:3      | You fall into a shaft and drop 2 floors!
  1721 | D:5      | Entered Level 5 of the Dungeon
  1722 | D:5      | Noticed a sky beast
  1722 | D:5      | Noticed Eustachio
  1772 | D:5      | Found a shattered altar of Ashenzari.
  2001 | D:4      | Found a white marble altar of Elyvilon.
  2001 | D:4      | Found a hazy altar of Hepliaklqana.
  2004 | D:4      | Found an iron altar of Okawaru.
  2035 | D:4      | Reached skill level 5 in Fighting
  2035 | D:4      | Reached XP level 5. HP: 9/35 MP: 5/5
  2325 | D:5      | Killed a sky beast
  2383 | D:5      | Killed Eustachio
  2383 | D:5      | Reached skill level 6 in Fighting
  2383 | D:5      | Reached XP level 6. HP: 22/41 MP: 6/6
  2763 | D:5      | Reached ** piety under Cheibriados
  2768 | D:5      | Found a shadowy altar of Dithmenos.
  2792 | D:5      | Reached skill level 5 in Shields
  2918 | D:5      | Learned a level 4 spell: Summon Lightning Spire
  3130 | D:5      | Reached XP level 7. HP: 43/47 MP: 7/7
  3190 | D:5      | Got a pair of twisted gloves
  3192 | D:5      | Identified the cursed +0 pair of gloves of Inquiry {*Contam
                  | Str+4} (You found it on level 5 of the Dungeon)
  3207 | D:5      | Found an ancient bone altar of Kikubaaqudgha.
  3458 | D:6      | Found a runed translucent door.
  3458 | D:6      | Found a runed translucent gate.
  3458 | D:6      | Found a runed translucent gate.
  3458 | D:6      | Noticed a soldier ant
  3471 | D:6      | Found a runed translucent gate.
  3474 | D:6      | Found a runed translucent door.
  3475 | D:6      | Noticed a soldier ant
  3475 | D:6      | Noticed a soldier ant
  3479 | D:6      | Noticed a soldier ant
  3479 | D:6      | Noticed a soldier ant
  3490 | D:6      | Noticed a soldier ant
  3500 | D:6      | Found the +9 staff of Olgreb {rPois}
  3545 | D:6      | Reached skill level 1 in Spellcasting
  3545 | D:6      | Reached skill level 1 in Summonings
  3572 | D:6      | Reached *** piety under Cheibriados
  3582 | D:6      | Reached skill level 7 in Fighting
  3596 | D:6      | Reached XP level 8. HP: 23/53 MP: 10/10
  4336 | D:4      | Noticed Menkaure
  4338 | D:4      | Reached skill level 8 in Fighting
  4345 | D:4      | Killed Menkaure
  4448 | D:4      | Noticed Edmund
  4468 | D:4      | Killed Edmund
  4576 | D:4      | Found a sparkling altar of Nemelex Xobeh.
  4598 | D:4      | Reached **** piety under Cheibriados
  4676 | D:4      | Reached XP level 9. HP: 60/60 MP: 13/13
  5211 | D:3      | Reached ***** piety under Cheibriados
  5657 | D:7      | Reached skill level 5 in Long Blades
  5686 | D:7      | Reached skill level 1 in Air Magic
  5831 | D:7      | Found a shimmering blue altar of Sif Muna.
  5916 | D:7      | Found a staircase to the Ecumenical Temple.
  6475 | D:7      | Found a stormy altar of Qazlal.
  6559 | D:8      | Reached skill level 5 in Spellcasting
  6625 | D:8      | Reached XP level 10. HP: 60/65 MP: 17/17
  6653 | D:8      | Reached skill level 5 in Summonings
  7308 | D:8      | Found a staircase to the Lair.
  8749 | D:10     | Entered Level 10 of the Dungeon
  8863 | Lair:1   | Entered Level 1 of the Lair of Beasts
  8940 | Lair:1   | Noticed a spiny frog
  8950 | Lair:1   | Killed a spiny frog
  9472 | Lair:1   | Noticed a spiny frog
  9483 | Lair:1   | Killed a spiny frog
  9483 | Lair:1   | Reached skill level 5 in Air Magic
  9483 | Lair:1   | Reached XP level 11. HP: 59/69 MP: 20/20
  9770 | Lair:2   | Reached skill level 5 in Armour
  9895 | Lair:2   | Identified the Tome of Attacks
 10353 | Lair:2   | Found a runed translucent door.
 10355 | Lair:2   | Found a shimmering altar of Xom.
 10355 | Lair:2   | Noticed wahemi82's ghost (journeyman MiFi)
 10357 | Lair:2   | Noticed a +1 scythe of chaos
 10415 | Lair:2   | Paralysed by a +1 scythe of chaos for 4 turns
 10419 | Lair:2   | Slain by a +1 scythe of chaos

Levels and vault maps discovered:
D:1:      dpeg_arrival_ratfight, layout_basic, palyth_stone_intersect,
          cheibriados_altar_1
D:2:      layout_loops_ring, chequers_temple_overflow_statue_of_worship,
          serial_bayou_pond_b, minmay_hexomino_p4
D:3:      layout_loops_ring, first_ration, gup_sewer_entry_bowl
D:4:      layout_cave_pools, nemelex_xobeh_ov_fountains_minmay,
          nicolae_overflow_hidden_temple, uniq_edmund, uniq_menkaure
D:5:      layout_loops_ring, grunt_dithmenos_smoke_and_mirrors,
          kennysheep_vampire_church, minmay_liquid_box, dk_noncrumbling_3,
          cheibrodos_ashenzari_chains, uniq_eustachio
D:6:      layout_gridville, serial_undead, serial_undead_d, serial_undead_b,
          serial_undead_b, serial_undead_b, serial_undead_c,
          minmay_guarded_unrand_staff_of_olgreb
D:7:      layout_rooms, lemuel_coloured_pillars_altar, kennysheep_mini_moat,
          minmay_temple_entry_stoned_glass, grunt_ogre_cave,
          minmay_misc_feat_hallway, minmay_lizard_king
D:8:      layout_basic, grunt_lair_entry_orc_guard_hut
D:9:      wad_lake_hut, layout_loops_corners, hangedman_misty_isle
D:10:     layout_big_octagon, orc_0_dummy
Lair:1:   layout_cave_shapes, minivault_25, serial_bayou_shore_a
Lair:2:   layout_roguey, enter_volcano_4, ebering_ghost_xom, minivault_24

Skill      XL: |  1  2  3  4  5  6  7  8  9 10 11 |
---------------+----------------------------------+-----
Long Blades    | 2 3 4 5 6 7 |  7.1
Fighting       | 4 5 6 7 8 |  8.6
Shields        | 4 5 6 |  6.5
Spellcasting   | 1 2 5 6 |  6.5
Summonings     | 1 2 4 6 |  6.1
Air Magic      | 2 5 |  5.0
Armour         | 4 6 |  6.3

Action                   |  1- 3 |  4- 6 |  7- 9 | 10-12 || total
-------------------------+-------+-------+-------+-------++-------
Melee: Long sword        |   120 |   174 |   387 |       ||   681
       Falchion          |       |       |   112 |   284 ||   396
Throw: Stone             |     1 |       |       |     3 ||     4
 Cast: Summon Lightning  |       |       |       |     1 ||     1
  Use: Scroll            |       |    14 |     6 |     9 ||    29
       Potion            |       |       |       |     1 ||     1
  Eat: Chunk             |     2 |     4 |    10 |     4 ||    20
Armor: Scale mail        |    70 |   115 |   215 |       ||   400
       Ring mail         |       |       |    55 |   106 ||   161
Dodge: Dodged            |    39 |    64 |   158 |    73 ||   334
Block: Shield            |    75 |   101 |   442 |   143 ||   761
       Rpst.: Long sword |    13 |    25 |    48 |       ||    86
       Falchion          |       |       |    11 |    26 ||    37
